 Dungeon Crawl Stone Soup version 0.29.1-2-gbd0b4ee654 (webtiles) character file.

Game seed: 4710431290562079801

21 Jango the Sneak (level 2, 0/17 HPs)
             Began as a Vampire Brigand on Sept 26, 2022.
             Slain by an adder (4 damage)
             ... on level 3 of the Dungeon on Oct 25, 2022.
             The game lasted 00:13:22 (1069 turns).

Jango the Sneak (Vampire Brigand)                   Turns: 1069, Time: 00:13:23

Health: 0/17       AC:  2    Str: 10    XL:     2   Next: 62%
Magic:  2/2        EV: 12    Int: 13    God:
Gold:   57         SH:  0    Dex: 15    Spells: 1/1 levels left

rFire   + . .      SeeInvis +   a - +2 dagger
rCold   + + +      Faith    .   (no shield)
rNeg    + + +      Spirit   .   b - +0 robe
rPois   ∞          Reflect  .   (no helmet)
rElec   .          Harm     .   l - scarf {rC+ rF+}
rCorr   .          Rampage  .   (no gloves)
Will    .....                   (no boots)
Stlth   +++++.....              (no amulet)
HPRegen 0.00/turn               (no ring)
MPRegen 0.08/turn               (no ring)

@: bloodless, inhibited regen
A: bloodless, fangs 3, see invisible, vampiric 1
a: Revivify


You were on level 3 of the Dungeon.
You visited 1 branch of the dungeon, and saw 3 of its levels.

You collected 57 gold pieces.

Inventory:

Hand Weapons
 a - a +2 dagger (weapon)
 h - a +0 club
 i - a +0 short sword
 k - a +0 short sword
 m - a +0 short sword
Missiles
 d - 8 poisoned darts
 e - 3 curare-tipped darts
 f - 10 boomerangs (quivered)
 o - 7 stones
Armour
 b - a +0 robe (worn)
 c - a +0 cloak
 l - a scarf of resistance (worn)
Scrolls
 j - a scroll of butterflies {unknown}
 n - a scroll of identify {unknown}
Potions
 g - a potion of attraction {unknown}


   Skills:
 + Level 1.9 Fighting
 + Level 2.6 Short Blades
 + Level 1.7 Throwing
 + Level 1.1 Dodging
 + Level 6.5 Stealth


You had one spell level left.
You didn't know any spells.
Your spell library was empty.

Dungeon Overview and Level Annotations

Branches:
Dungeon (3/15)

Altars:

Annotations:
D:3 Ijyb


Innate Abilities, Weirdness & Mutations

You do not regenerate when monsters are visible.
You are frail without blood (-20% HP).
You can heal yourself when you bite living creatures.
You are immune to poison.
You have razor-sharp teeth.
You have supernaturally acute eyesight. (SInv)
You are afflicted with vampirism.


Message History

Found an escape hatch in the ceiling.
Throw: 10 boomerangs
Press: ? - help, Q - select action, (/) - cycle Shift-Dir - straight line, f - Ijyb
Aim: Ijyb, wielding a +0 dagger, wearing a +0 ring mail and carrying a wand of mindburst (23) (asleep, 98% to hit)
You throw a boomerang.
The boomerang hits Ijyb but does no damage.
Ijyb shouts!
You hear an angry hiss.
An adder comes into view.
Throw: 10 boomerangs
Press: ? - help, Q - select action, (/) - cycle Shift-Dir - straight line, f/p - Ijyb
Aim: Ijyb, wielding a +0 dagger, wearing a +0 ring mail and carrying a wand of mindburst (23) (53% to hit)
You throw a boomerang. The boomerang hits Ijyb.
Ijyb is lightly wounded.
You closely miss Ijyb.
Ijyb is lightly wounded.
Ijyb misses you.
You barely miss Ijyb.
Ijyb is lightly wounded.
Ijyb zaps a wand.
Your mind is blasted!
Ouch! That really hurt!
Really walk into that dispersal trap? [Y]es or [N]o only, please.
Really walk into that dispersal trap?
You enter a dispersal trap!
Ijyb blinks!
You blink.
You begin the revivification ritual.
You continue your ritual. x2
The adder completely misses you.
You continue your ritual.
The adder bites you.
Continue your ritual? [Y]es or [N]o only, please.
Continue your ritual?
Uppercase [Y]es or [N]o only, please.
Continue your ritual?
You stop revivifying.
* * * LOW HITPOINT WARNING * * *
You closely miss the adder. Your bite misses the adder. The adder bites you.
* * * LOW HITPOINT WARNING * * *
The adder bites you.
You die...

#...# #......# # #...#
#......# ##
#.#####...###......####.
............'...........
..........###.....#####.
#######...# #.....##.>..
#.........###########.##
#.......S........# #. #
#......@#........## # .
#.......#......^..######
#.......#...............
#.......####+####..#####
#.......# #.S.§<#
###.####. ...<...#.# #.
. #...... .. # . #......
##. #...... #.


You could see an adder.

Vanquished Creatures
  An adder (D:2)
  A dart slug (D:2)
  A hobgoblin (D:1)
  4 kobolds
  2 ball pythons (D:1)
  A bat (D:1)
  2 frilled lizards
12 creatures vanquished.

Notes
Turn   | Place    | Note
-------+----------+-------------------------------------------
     0 | D:1      | Jango the Vampire Brigand began the quest for the Orb.
     0 | D:1      | Reached XP level 1. HP: 16/16 MP: 1/1
    59 | D:1      | Upgraded the game from 0.29.1-1-gd02db6906a to
                  | 0.29.1-2-gbd0b4ee654
   124 | D:1      | Reached skill level 6 in Stealth
   147 | D:1      | Found a faded altar of an unknown god.
   593 | D:2      | Reached XP level 2. HP: 17/17 MP: 2/2
  1053 | D:3      | Noticed Ijyb
  1069 | D:3      | Slain by an adder

Illustrated notes

Levels and vault maps discovered:
D:1:      lemuel_arrival_behind_the_door_large, layout_basic,
          basic_ecumenical_altar, grunt_decor_arrowhead, supply_closet_lemuel,
          nicolae_shop_unique_rings, bh_walls_and_bars
D:2:      layout_basic, chequers_serial_rivers_large_a
D:3:      layout_basic, lemuel_coloured_pillars_altar, gup_sewer_entry_spiral,
          kennysheep_boxes, uniq_ijyb, uniq_jessica

Skill      XL: |  1 |
---------------+----+-----
Stealth        | 6 |  6.5
Fighting       | |  1.9
Short Blades   | |  2.6
Throwing       | |  1.7
Dodging        | |  1.1

Action                   || total
-------------------------++-------
Melee: Dagger            ||    26
       Bite              ||     3
       Unarmed           ||     1
Throw: Dart              ||    11
       Boomerang         ||     4
 Abil: Exsanguinate      ||     1
       Revivify          ||     1
Armor: Robe              ||     7
Dodge: Dodged            ||    19
